[Event "*** Titled Tuesday Blitz"]
[Site "Chess.com"]
[Date "2020.04.28"]
[Round "9"]
[White "aa175"]
[Black "vohiraa"]
[Result "1-0"]
[WhiteElo "2449"]
[BlackElo "2209"]
[TimeControl "180+1"]
[EndTime "11:46:12 PDT"]
[Termination "aa175 won on time"]

1. d4 d5 2. Bf4 Nf6 3. e3 c5 4. Nf3 Nc6 5. Nbd2 e6 6. c3 Bd6 7. Bg3 O-O 8. Bd3 b6 9. e4 dxe4 10. Nxe4 Nxe4 11. Bxe4 Bb7 12. dxc5 Bxc5 13. Qa4 Rc8 14.
Rd1 Qe7 15. b4 Nxb4 16. Bxb7 Qxb7 17. cxb4 Qe4+ 18. Kf1 Bxb4 19. Qxa7 Rc2 20. Kg1 Rfc8 21. h3 Qe2 22. Kh2 e5 23. Nxe5 Rf8 24. Nf3 Bc5 25. Rhe1 Qc4 26. Kg1 Rxa2 27. Qb7 Qc2 28. Rd2 Qb3 29.
Rxa2 Qxa2 30. Qe4 b5 31. Qc6 Qa3 32. Qxb5 Qc3 33. Qf1 Qc2 34. Rc1 Qf5 35. Qc4 Rc8 36.
Qf1 Qd5 37. Rd1 Qa2 38. Rd2 Qa3 39. Rc2 1-0

[Event "*** Titled Tuesday Blitz"]
[Site "Chess.com"]
[Date "2020.04.28"]
[Round "9"]
[White "hongnhung1234"]
[Black "jucAxx"]
[Result "0-1"]
[WhiteElo "2202"]
[BlackElo "2127"]
[TimeControl "180+1"]
[EndTime "11:46:14 PDT"]
[Termination "jucAxx won by checkmate"]

1. e4 e6 2. d4 d5 3. Nc3 Bb4 4. e5 c5 5. a3 Bxc3+ 6. bxc3 Qc7 7. Qg4 Ne7 8. Qxg7 Rg8 9. Qxh7 cxd4 10. Ne2 Nbc6 11. f4 Bd7 12. Qd3 dxc3 13. Qxc3 O-O-O 14.
Rb1 d4 15. Qd3 Nf5 16. Rg1 Be8 17. g4 Nh4 18. Kf2 Ne7 19. Rg3 Qc5 20. Kg1 Bc6 21. a4 Qd5 22. Kf2 Qh1 23. Ba3 Nd5 24. Bc5 Ne3 25.
Bxd4 Nxg4+ 26. Ke1 Nxh2 27. Rxg8 Rxg8 28. Ng3 N4f3+ 29.
Ke2 Rxg3 30. Bf2 Ng1+ 31. Kd2 Rxd3+ 32. Bxd3 Ngf3+ 33. Kc3 Qxb1 34. Bxa7 Qa1+ 35. Kb4 Qxa4+ 36. Kc5 Qxa7+ 37. Kd6 Qa3# 0-1

[Event "*** Titled Tuesday Blitz"]
[Site "Chess.com"]
[Date "2020.04.28"]
[Round "9"]
[White "Yerlan-Ra"]
[Black "Pavalamalli"]
[Result "1-0"]
[WhiteElo "2407"]
[BlackElo "2254"]
[TimeControl "180+1"]
[EndTime "11:46:15 PDT"]
[Termination "Yerlan-Ra won by checkmate"]

1. e4 c5 2. Nf3 e6 3. d4 cxd4 4. Nxd4 a6 5. c4 Qc7 6. Nc3 Nf6 7. Be2 b6 8. O-O Bb7 9. f3 d6 10. Be3 Nbd7 11. Rc1 Be7 12. Qe1 O-O 13. Qf2 Rac8 14. Rfd1 Qb8 15. g4 h6 16. h4 Nh7 17. b3 Rfe8 18.
Bf1 d5 19. exd5 exd5 20. Nxd5 Bxd5 21. cxd5 Rxc1 22. Rxc1 Bxh4 23. Qxh4 Rxe3 24. Nf5 Re8 25. d6 Ng5 26. Qg3 Nc5 27. Bc4 Qb7 28. Kg2 Nce4 29.
Qf4 Nf6 30. Nxh6+ gxh6 31. Qxf6 b5 32. Qg6+ Kh8 33. Qxh6+ Nh7 34. Bd3 f5 35. Rc7 fxg4 36.
Qxh7# 1-0

[Event "*** Titled Tuesday Blitz"]
[Site "Chess.com"]
[Date "2020.04.28"]
[Round "9"]
[White "fabianvivasz"]
[Black "Richarzard69"]
[Result "0-1"]
[WhiteElo "2362"]
[BlackElo "2255"]
[TimeControl "180+1"]
[EndTime "11:46:15 PDT"]
[Termination "Richarzard69 won on time"]

1. e4 e6 2. d4 d5 3. Nd2 Nf6 4. e5 Nfd7 5. Ngf3 c5 6. c3 Nc6 7.
Bd3 cxd4 8. cxd4 f6 9. exf6 Nxf6 10. O-O Bd6 11. b3 O-O 12. Bb2 Qc7 13. Rc1 Ng4 14.
Bxh7+ Kh8 15. Bb1 Bxh2+ 16. Kh1 Rf6 17. Nh4 e5 18. Ng6+ Kg8 19. dxe5 Rxf2 20. Qxg4 Rxf1+ 21. Rxf1 Bxg4 22. Kxh2 Re8 23. Kg3 Bh5 24. Nf4 Bf7 25. e6 Bxe6 26. Bg6 Bf7 27. Bf5 Re3+ 28. Nf3 Qe7 29. Rh1 d4 30. Kg4 g6 31. Bxg6 Bxg6 32.
Nxg6 Qe4+ 33. Nf4 Ne5+ 34. Kg3 Nxf3 0-1

[Event "*** Titled Tuesday Blitz"]
[Site "Chess.com"]
[Date "2020.04.28"]
[Round "9"]
[White "YQPerez"]
[Black "Khamrakulov_Djurabek"]
[Result "1-0"]
[WhiteElo "2966"]
[BlackElo "2819"]
[TimeControl "180+1"]
[EndTime "11:46:17 PDT"]
[Termination "YQPerez won on time"]

1. e4 c6 2. c4 d5 3. exd5 cxd5 4.
cxd5 Qxd5 5. Nc3 Qd8 6. d4 Nf6 7. Nf3 g6 8. Bc4 Bg7 9. h3 O-O 10. O-O a6 11. Ne5 Nc6 12. Be3 Na5 13. Be2 Be6 14.
Bg5 Nd5 15. Bh4 Nxc3 16. bxc3 Rc8 17. Qc1 Qc7 18. Qe3 Rfe8 19. Rfc1 Nc4 20. Bxc4 Bxc4 21. a4 f6 22. Nxc4 Qxc4 23. Rab1 e5 24. Rxb7 exd4 25. Qf3 g5 26. Rd1 Qxc3 27. Qd5+ Kh8 28. Rxd4 gxh4 29. Rg4 Rg8 30. Qf7 Qe1+ 31. Kh2 Qe5+ 32.
f4 Qd4 33. Rxh4 Rc5 34. Rg4 f5 35. Rh4 Rc6 36. Qxf5 1-0

[Event "*** Titled Tuesday Blitz"]
[Site "Chess.com"]
[Date "2020.04.28"]
[Round "9"]
[White "turayev_shahruh17"]
[Black "KNVB"]
[Result "0-1"]
[WhiteElo "2524"]
[BlackElo "2721"]
[TimeControl "180+1"]
[EndTime "11:46:17 PDT"]
[Termination "KNVB won by resignation"]

1. e4 b6 2. d4 Bb7 3. Bd3 e6 4.
Nf3 d5 5. e5 Ba6 6. O-O Bxd3 7.
Qxd3 Ne7 8. Bg5 Qd7 9. Bxe7 Bxe7 10. c3 c5 11. a3 c4 12. Qe2 Nc6 13. Nbd2 Na5 14. Rab1 Rc8 15. Ne1 b5 16. f4 h5 17. h3 h4 18. Nc2 g6 19. Ne3 a6 20.
Ng4 Kd8 21. Nf3 Kc7 22. Ng5 Rcf8 23. Nf6 Qd8 24. Ngh7 Bxf6 25. Nxf6 Qe7 26. Kh2 Rd8 27. Rg1 Nc6 28. g4 hxg3+ 29. Rxg3 a5 30. Rh1 b4 31. axb4 axb4 32. Ra1 Ra8 33. Rgg1 b3 34. Kg3 Ra2 35. h4 Rha8 36. Rab1 Qf8 37. h5 Qh6 38. Rh1 Rh8 39.
Qg4 Ne7 40. hxg6 Qxg6 41. Rxh8 Qxb1 42. Ne8+ Kb6 43. Rh6 Nf5+ 44. Qxf5 Qxf5 0-1

[Event "*** Titled Tuesday Blitz"]
[Site "Chess.com"]
[Date "2020.04.28"]
[Round "9"]
[White "Nikolaj_6"]
[Black "ama18"]
[Result "0-1"]
[WhiteElo "2605"]
[BlackElo "2493"]
[TimeControl "180+1"]
[EndTime "11:46:17 PDT"]
[Termination "ama18 won by checkmate"]

1. e4 c5 2. Nf3 d6 3. d4 cxd4 4. Nxd4 Nf6 5. Nc3 a6 6. Bg5 Nbd7 7. Qe2 h6 8. Bh4 g6 9. f4 e5 10. Nb3 exf4 11. O-O-O g5 12. Bf2 Ne5 13. h3 b5 14. Kb1 Qc7 15. g3 f3 16. Qe1 Bb7 17. g4 Rc8 18. a3 Nxe4 19. Bd4 Nxc3+ 20. Bxc3 f2 21. Qxf2 Bxh1 22. Bxb5+ axb5 23. Rxh1 Be7 24. Nd4 f6 25. h4 Kf7 26. Nf5 Qb7 27. Rf1 Qd7 28.
hxg5 hxg5 29. Ne3 Qe6 30. Qe2 Rh3 31. Nf5 Rch8 32. Qxb5 Rh1 33. b3 Rxf1+ 34. Qxf1 Nxg4 35. Nd4 Qd5 36. Kb2 Rh1 37. Qe2 Ne5 38. a4 g4 39. a5 g3 40. Nf5 g2 41. Ne3 g1=Q 42.
Nxd5 Qa1# 0-1

[Event "*** Titled Tuesday Blitz"]
[Site "Chess.com"]
[Date "2020.04.28"]
[Round "9"]
[White "Stewie_89"]
[Black "Zhani-Z"]
[Result "0-1"]
[WhiteElo "2620"]
[BlackElo "2504"]
[TimeControl "180+1"]
[EndTime "11:46:18 PDT"]
[Termination "Zhani-Z won by resignation"]

1. e4 e5 2. Nf3 Nc6 3. Bb5 a6 4. Ba4 d6 5. c3 f5 6. exf5 Bxf5 7. d4 e4 8. Ng5 Be7 9. h4 Nf6 10. Be3 d5 11. Nd2 O-O 12. b4 Ng4 13. Qe2 h6 14. Nh3 Bxh4 15. Bb3 Nxe3 16. Qxe3 Bxh3 17. Qxh3 Bxf2+ 18. Kd1 Kh8 19. Kc2 Bxd4 20. cxd4 Nxd4+ 21. Kb2 Rf2 22. Qe3 Qf6 23. Kb1 Re2 24. Qc3 Nxb3 25.
Qxf6 Nxd2+ 26. Kc2 gxf6 27. Rxh6+ Kg7 28. Rah1 Kf7 29. Rh7+ Ke6 30. Rxc7 Nc4+ 31. Kc3 b6 32. Rhh7 Re3+ 33. Kc2 Rg8 34. Rce7+ Kd6 35. Rd7+ Ke5 36. Rh5+ f5 37. Rh2 Reg3 38. Re7+ Kd4 39. Rf7 Rxg2+ 0-1

[Event "*** Titled Tuesday Blitz"]
[Site "Chess.com"]
[Date "2020.04.28"]
[Round "9"]
[White "korbul"]
[Black "DaggiGretarsson"]
[Result "0-1"]
[WhiteElo "2591"]
[BlackElo "2455"]
[TimeControl "180+1"]
[EndTime "11:46:18 PDT"]
[Termination "DaggiGretarsson won by resignation"]

1. d4 g6 2. e4 Bg7 3. Nc3 d6 4. Bg5 a6 5. f4 b5 6. Be2 Nd7 7.
e5 Bb7 8. Bf3 Qc8 9. Qe2 Nb6 10.
O-O-O d5 11. Nh3 e6 12. Nf2 c5 13. g4 cxd4 14. Rxd4 Nc4 15. Rhd1 h6 16. Bh4 g5 17. Bg3 Ne7 18. f5 Nc6 19. Rxc4 bxc4 20. h4 gxh4 21.
Bf4 Qb8 22. Re1 Nd4 23. Qe3 Nxf3 24. Qxf3 d4 25. Nce4 Bxe5 26. Bxe5 Qxe5 27. fxe6 O-O-O 28. exf7 Rhf8 29. Re2 Rd7 30. Nd6+ Qxd6 31. Re8+ Kc7 32. Ne4 Rfxf7 33. Qe2 Bxe4 34. Qxc4+ Bc6 35. Qxa6 Qf4+ 36. Kd1 Qf1+ 37. Qxf1 Rxf1+ 0-1

[Event "*** Titled Tuesday Blitz"]
[Site "Chess.com"]
[Date "2020.04.28"]
[Round "9"]
[White "goofypenguin96"]
[Black "Blitzking642"]
[Result "1-0"]
[WhiteElo "2187"]
[BlackElo "2293"]
[TimeControl "180+1"]
[EndTime "11:46:18 PDT"]
[Termination "goofypenguin96 won on time"]

1. h4 e5 2. h5 d5 3. c3 c5 4. d4 cxd4 5. cxd4 e4 6. Bf4 Nc6 7.
Nc3 h6 8. e3 Nf6 9. Nh3 Bd6 10.
Qb3 O-O 11. Rc1 Bxh3 12. Bxd6 Bxg2 13. Bxg2 Qxd6 14. Qxb7 Rab8 15. Qa6 Rxb2 16. a3 Ng4 17. Nxe4 dxe4 18. Qxc6 Qxa3 19. O-O Nxe3 20. fxe3 Qxe3+ 21. Kh1 Qxd4 22. Qxe4 Qd2 23. Qd5 a5 24. Rcd1 Qe2 25. Rde1 Qg4 26. Kg1 a4 27. Qe4 Qg5 28. Rf5 Qg3 29.
Ref1 a3 30. Qf3 Qc7 31. Qxa3 Qc2 32. Qf3 1-0

[Event "*** Titled Tuesday Blitz"]
[Site "Chess.com"]
[Date "2020.04.28"]
[Round "9"]
[White "KubaGepard"]
[Black "mariofs"]
[Result "0-1"]
[WhiteElo "2344"]
[BlackElo "2230"]
[TimeControl "180+1"]
[EndTime "11:46:19 PDT"]
[Termination "mariofs won on time"]

1. d4 d5 2. Nf3 Nf6 3. Bf4 c5 4.
e3 Qb6 5. Nc3 Bd7 6. Rb1 e6 7.
Be2 Be7 8. O-O O-O 9. Ne5 Nc6 10.
Nxd7 Nxd7 11. dxc5 Nxc5 12. b4 Nd7 13. Na4 Qd8 14. a3 Rc8 15. Bg3 Nce5 16. Nb2 Bf6 17. Rc1 Nb6 18. c3 Nec4 19. Nxc4 Nxc4 20. a4 Qd7 21. e4 Nb2 22. Qb3 Nxa4 23. e5 Be7 24.
Rc2 b5 25. Ra1 a6 26. Rcc1 Rc7 27. f3 Rfc8 28. Be1 Bg5 29. Rc2 Be3+ 30. Kh1 Qe7 31. Bd3 Qg5 32. Bg3 Bf4 33. Bxf4 Qxf4 34. Rf1 Rxc3 35. Rxc3 Rxc3 36. Qb1 Qxe5 37. Bxh7+ Kh8 38. Bc2 Ra3 39. Bxa4 Rxa4 40. Rc1 g6 41. Rc2 Ra1 0-1

[Event "*** Titled Tuesday Blitz"]
[Site "Chess.com"]
[Date "2020.04.28"]
[Round "9"]
[White "Ave_Mariia"]
[Black "maxsergej"]
[Result "1-0"]
[WhiteElo "2282"]
[BlackElo "2125"]
[TimeControl "180+1"]
[EndTime "11:46:19 PDT"]
[Termination "Ave_Mariia won on time"]

1. d4 Nf6 2. c4 e6 3. g3 d5 4. Nf3 dxc4 5. Bg2 Bb4+ 6. Bd2 c5 7. O-O O-O 8. Bxb4 cxb4 9. a3 bxa3 10. Nxa3 c3 11. bxc3 Qc7 12. Qd3 Bd7 13. Ne5 Bc6 14.
Nxc6 Nxc6 15. Nb5 Qd7 16. Rfb1 a6 17. Na3 b5 18. c4 bxc4 19. Nxc4 Rad8 20. e3 Nd5 21.
Bxd5 Qxd5 22. Rxa6 Rb8 23. Rab6 Rxb6 24. Nxb6 Qd6 25.
Qc4 Ne7 26. Na4 h6 27. Nc5 Nf5 28. Qa6 Qd5 29. Qb7 Qc4 30. Nd7 Rd8 31. Ne5 Qd5 32.
Qxf7+ Kh7 33. Qg6+ Kg8 34. Qf7+ Kh7 35. Rb7 Rc8 36. Rc7 Rxc7 37. Qxc7 Qe4 38. Qf7 Qb1+ 39.
Kg2 Qe4+ 40. Kh3 1-0

[Event "*** Titled Tuesday Blitz"]
[Site "Chess.com"]
[Date "2020.04.28"]
[Round "9"]
[White "chessdjw"]
[Black "ElGasanov"]
[Result "0-1"]
[WhiteElo "2591"]
[BlackElo "2736"]
[TimeControl "180+1"]
[EndTime "11:46:20 PDT"]
[Termination "ElGasanov won by checkmate"]

1. e4 c5 2. Nf3 Nc6 3. Bb5 Nf6 4. e5 Nd5 5. Nc3 Nc7 6. Bxc6 dxc6 7. O-O Bg4 8. h3 Bh5 9. Ne4 e6 10. Ng3 Bg6 11.
d3 Be7 12. Qe2 O-O 13. b3 a5 14. a4 Nd5 15. Bd2 Qc7 16. Rfe1 Rfd8 17. h4 h6 18. h5 Bh7 19. Nh2 Nb4 20. Bf4 b5 21. Ng4 Kh8 22. Kh1 c4 23. bxc4 bxc4 24. dxc4 Nxc2 25. Ne4 Nxa1 26.
Nd6 Nc2 27. Nxf7+ Kg8 28. Nfxh6+ gxh6 29. Nxh6+ Kh8 30. Nf7+ Kg7 31. Ng5 Nd4 32. Qg4 Bf5 33.
Nxe6+ Kf7 34. Ng5+ Bxg5 35. Qxg5 Qe7 36. Qg3 Rg8 37.
Qe3 Qh4+ 38. Bh2 Nc2 39. e6+ Ke8 40. Qf3 Qg4 41. Qxc6+ Ke7 42. Qd7+ Kf6 43. Qf7+ Kg5 44. f4+ Kh6 45. e7 Qxg2# 0-1

[Event "*** Titled Tuesday Blitz"]
[Site "Chess.com"]
[Date "2020.04.28"]
[Round "9"]
[White "lifeissofun"]
[Black "monstertube"]
[Result "1-0"]
[WhiteElo "2328"]
[BlackElo "2146"]
[TimeControl "180+1"]
[EndTime "11:46:20 PDT"]
[Termination "lifeissofun won on time"]

1. e4 e5 2. Nf3 Nc6 3. d4 exd4 4. Bc4 Bc5 5. c3 d3 6. Qxd3 Nge7 7.
Bxf7+ Kxf7 8. Qc4+ d5 9. Qxc5 Re8 10. O-O Kg8 11. exd5 Qxd5 12. Qxd5+ Nxd5 13. Rd1 Nf6 14. Nbd2 Bg4 15. h3 Bf5 16. Nf1 h6 17. Bf4 Re7 18.
Ne3 Be6 19. b3 Rf8 20. Bh2 Ne4 21. c4 Bxh3 22. Nd5 Ref7 23. Re1 Nd6 24. Nxc7 Nc8 25.
Ne6 Bxe6 26. Rxe6 N8e7 27. Bd6 Rd8 28. Rae1 Nf5 29. Bc5 Kh7 30. Ne5 Nxe5 31. R6xe5 Rd2 32. a3 Nh4 33. Bxa7 Ng6 34. R5e2 Rd3 35. Re3 Rd2 36.
R1e2 Rd1+ 37. Kh2 Nf4 38. Re1 Rd2 39. Rf3 Rf6 40. Be3 Nd3 41. Bxd2 Nxe1 42. Rxf6 gxf6 43. Bxe1 1-0

[Event "*** Titled Tuesday Blitz"]
[Site "Chess.com"]
[Date "2020.04.28"]
[Round "9"]
[White "DrBergerBerger"]
[Black "TzoumpasAnastasis"]
[Result "1-0"]
[WhiteElo "2447"]
[BlackElo "2201"]
[TimeControl "180+1"]
[EndTime "11:46:21 PDT"]
[Termination "DrBergerBerger won by resignation"]

1. e4 c5 2. Nc3 a6 3. g3 b5 4. Bg2 Bb7 5. Nge2 e6 6. O-O b4 7.
Na4 d5 8. exd5 exd5 9. Re1 Be7 10. Nf4 Kf8 11. d4 c4 12. b3 cxb3 13. axb3 Nf6 14. Bd2 Nbd7 15. Nd3 a5 16. Nac5 Bc6 17. Qf3 Nxc5 18. Nxc5 Bxc5 19. dxc5 Ne4 20. Be3 h5 21. Rad1 h4 22. Qf4 Nc3 23. Rd2 hxg3 24. fxg3 Rh6 25. Bd4 Qd7 26. Rf2 Nb5 27. Bb2 Re8 28. Ref1 f6 29. g4 Re4 30. Bxe4 dxe4 31. Rd2 Qe8 32. g5 Rg6 33. h4 Kg8 34. Rg2 e3 35. Re2 fxg5 36.
hxg5 Nc3 37. Bxc3 bxc3 38. Rxe3 Re6 39. Qf8+ Qxf8 40. Rxf8+ Kxf8 41. Rxe6 Bd7 42. Re3 Kf7 43. Rxc3 Bc6 44. Rd3 Ke7 45. Rd6 Be4 46. c3 Bc2 47. b4 a4 48. Ra6 Bb3 49. Kf2 Kd7 50. Ke3 Kc7 51. Kd4 g6 52. b5 Kb7 53. c6+ Kc7 54.
Kc5 1-0

[Event "*** Titled Tuesday Blitz"]
[Site "Chess.com"]
[Date "2020.04.28"]
[Round "9"]
[White "dpopadic"]
[Black "GMMatamoros"]
[Result "1-0"]
[WhiteElo "2370"]
[BlackElo "2511"]
[TimeControl "180+1"]
[EndTime "11:46:22 PDT"]
[Termination "dpopadic won on time"]

1. e4 c5 2. Nc3 Nc6 3. f4 g6 4.
Nf3 Bg7 5. Bc4 e6 6. f5 Nge7 7.
fxe6 fxe6 8. d3 d5 9. Bb3 b5 10. O-O c4 11. dxc4 dxc4 12. Qxd8+ Kxd8 13. Nxb5 cxb3 14. axb3 a6 15. Rd1+ Bd7 16. Be3 Nc8 17. Bg5+ N6e7 18. Bf4 Bxb2 19. Ra2 Rf8 20. Bh6 Rxf3 21.
gxf3 Bf6 22. c4 Nc6 23. Be3 Be7 24. Rad2 Ne5 25. Nd4 Ke8 26. Kg2 g5 27. Ne2 Ng6 28.
Rxd7 Nh4+ 29. Kf2 Rb8 30. R7d3 h6 31. Nd4 Kf7 32. Nc6 Rb7 33. Nxe7 Nxe7 34. Bc5 Nhg6 35. b4 Ne5 36. Rd4 N7c6 37. Rd6 Nxb4 38. Bxb4 Rxb4 39. Rxa6 Rb3 40. Rd2 Nxf3 41. Rd7+ Kf6 42. Rdd6 Kf7 43. Rxe6 Nd4 44. Red6 Rb2+ 45. Ke1 Nf3+ 46. Kd1 Rb7 47. Rxh6 1-0

[Event "*** Titled Tuesday Blitz"]
[Site "Chess.com"]
[Date "2020.04.28"]
[Round "9"]
[White "LiamPutnam2008"]
[Black "XiaoKangZhong"]
[Result "1-0"]
[WhiteElo "2538"]
[BlackElo "2360"]
[TimeControl "180+1"]
[EndTime "11:46:22 PDT"]
[Termination "LiamPutnam2008 won by resignation"]

1. e4 c6 2. d4 d5 3. Nc3 dxe4 4. Nxe4 Nf6 5. Nxf6+ exf6 6. c3 Bd6 7. Bd3 O-O 8. Qc2 Re8+ 9. Ne2 h5 10. Be3 Nd7 11.
O-O-O Nf8 12. h3 Qc7 13. g4 h4 14. g5 Qe7 15. Rdg1 f5 16. Bxf5 g6 17. Bxc8 Raxc8 18.
Rg4 Qe6 19. Kb1 c5 20. Rxh4 cxd4 21. Nxd4 Qd5 22. Rd1 Rcd8 23. Rg4 Bc5 24. h4 Ne6 25. a3 Nxd4 26. Bxd4 Qf3 27. Rg3 Qh5 28. Rgd3 Re2 29. R1d2 Re1+ 30. Ka2 Bf8 31. Bf6 Rxd3 32. Qxd3 Qxh4 33.
Qd8 Qc4+ 34. b3 Qf1 35. c4 Re2 36. Qd3 Rxf2 37. Qxf1 Rxf1 38. Rd8 Rf2+ 39. Kb1 Re2 40. Kc1 Re6 41. Kc2 a6 42. b4 b6 43. Kc3 Re3+ 44.
Kd4 Re6 45. c5 bxc5+ 46. bxc5 Rc6 47. Be7 Kh7 48. Rxf8 Kg7 49. Rd8 f5 50. gxf6+ Kf7 51. Kd5 Rxf6 52. Bxf6 Kxf6 53. c6 1-0

[Event "*** Titled Tuesday Blitz"]
[Site "Chess.com"]
[Date "2020.04.28"]
[Round "9"]
[White "WPWPWP-2015"]
[Black "Savagelittlemole"]
[Result "0-1"]
[WhiteElo "2421"]
[BlackElo "2596"]
[TimeControl "180+1"]
[EndTime "11:46:23 PDT"]
[Termination "Savagelittlemole won by resignation"]

1. e4 c5 2. Nf3 d6 3. d4 cxd4 4. Nxd4 Nf6 5. Nc3 a6 6. Be3 e5 7. Nb3 Be7 8. h3 Nc6 9. Be2 Be6 10. O-O O-O 11. Bf3 Qc7 12. a3 b5 13. Rc1 Rac8 14. Nd5 Bxd5 15. exd5 Na5 16. Nxa5 Qxa5 17. c3 Rfe8 18.
Re1 Bf8 19. Bg5 Nd7 20. Bg4 Qc7 21. Qd3 f6 22. Be6+ Kh8 23. Be3 Rb8 24. b4 g6 25. c4 bxc4 26. Rxc4 Qd8 27. Rh4 f5 28. Rc4 Bg7 29. Rc6 e4 30. Qxa6 Ra8 31. Qb7 Ne5 32.
Bd4 Re7 33. Qxa8 Qxa8 34. Rc8+ Qxc8 35. Bxc8 Nd3 36. Bxg7+ Kxg7 37. Ra1 Ra7 38. b5 Nc5 39. b6 Ra5 40. a4 Ra8 41. b7 Rb8 42. Rb1 Nxa4 43. Rb4 Nc5 44. Rb6 Kf8 45. Rxd6 Nxb7 46. Rd8+ Nxd8 47. Ba6 Ke7 0-1

[Event "*** Titled Tuesday Blitz"]
[Site "Chess.com"]
[Date "2020.04.28"]
[Round "9"]
[White "monalize"]
[Black "RianKapriaga"]
[Result "1-0"]
[WhiteElo "2365"]
[BlackElo "2198"]
[TimeControl "180+1"]
[EndTime "11:46:23 PDT"]
[Termination "monalize won by checkmate"]

1. e4 e5 2. Nf3 Nc6 3. Bb5 a6 4. Bxc6 dxc6 5. O-O Bd6 6. d4 exd4 7. Qxd4 f6 8. Be3 Ne7 9. Nbd2 Be6 10. Rad1 Ng6 11. Qc3 Qe7 12. a3 h5 13. Nc4 Rd8 14. Rfe1 Qf7 15.
e5 Bxc4 16. exd6 O-O 17. dxc7 Rxd1 18. Rxd1 Bd5 19. Bb6 Nf4 20. Qe3 Nxg2 21. Kxg2 Qg6+ 22. Kf1 Re8 23. Rxd5 cxd5 24. c8=Q Rxc8 25. Qe6+ Kh7 26. Qxc8 Qe4 27. Qc3 g6 28. Bd4 Qg4 29.
Bxf6 Qh3+ 30. Ke2 Kh6 31. Qe3+ Kh7 32. Qe7+ Kh6 33. Bg5# 1-0

[Event "*** Titled Tuesday Blitz"]
[Site "Chess.com"]
[Date "2020.04.28"]
[Round "9"]
[White "svilson23"]
[Black "eightbyeightchess"]
[Result "0-1"]
[WhiteElo "2252"]
[BlackElo "2506"]
[TimeControl "180+1"]
[EndTime "11:46:24 PDT"]
[Termination "eightbyeightchess won on time"]

1. d4 d5 2. Bg5 Nf6 3. Bxf6 gxf6 4. e3 Bf5 5. g3 Nc6 6. Bg2 Nb4 7. Na3 e5 8. Ne2 h5 9. h4 c6 10. O-O Na6 11. c4 Bxa3 12. bxa3 dxc4 13. Qa4 Bd3 14. Rfe1 e4 15. Nf4 Nc7 16. Nxd3 b5 17. Qd1 exd3 18. Bxc6+ Kf8 19. Bxa8 Qxa8 20. e4 Ne6 21. Qf3 Rh6 22.
d5 Ng7 23. Qe3 Rg6 24. Qd4 Ne8 25. a4 a6 26. axb5 axb5 27. a4 Qb8 28. a5 f5 29. e5 Qb7 30. a6 Rxa6 31. Rxa6 Qxa6 32. e6 Qa5 33. Qh8+ Ke7 34. Re3 f6 35. Qh7+ Kd6 36.
Qd7+ Kc5 37. Qxe8 d2 38. Qc6+ Kd4 39. Kg2 d1=Q 40. Qd6 Qg4 0-1

[Event "*** Titled Tuesday Blitz"]
[Site "Chess.com"]
[Date "2020.04.28"]
[Round "9"]
[White "Natalya_Buksa"]
[Black "petincash"]
[Result "1-0"]
[WhiteElo "2514"]
[BlackElo "2376"]
[TimeControl "180+1"]
[EndTime "11:46:25 PDT"]
[Termination "Natalya_Buksa won on time"]

1. d4 Nf6 2. Nc3 g6 3. e4 d6 4. f4 Bg7 5. Nf3 c5 6. Bd3 cxd4 7. Nxd4 O-O 8. Nf3 Qb6 9. Qe2 Nc6 10. Rb1 Ng4 11. Nd5 Qd8 12. O-O e6 13. Ne3 Nf6 14.
Kh1 Bd7 15. e5 Nh5 16. Ng4 f5 17. exf6 Nxf6 18. Nf2 Nd5 19. Nh3 Ncb4 20. Nhg5 Nxd3 21. cxd3 Qf6 22. Ne4 Qe7 23. g3 Bc6 24. Bd2 Rae8 25. Kg1 e5 26. fxe5 dxe5 27. Nfg5 Qc7 28. Rxf8+ Rxf8 29. Kg2 Qb6 30. Ne6 Rf7 31. a3 Nf6 32. Ng5 h6 33. Nxf7 Kxf7 34. Kf1 Nd5 35. b4 Kg8 36. Qf2 Qa6 37. Nc5 Qxa3 38. Kg1 Kh7 39. h4 Qa2 40. Rf1 Bb5 41. h5 Nf6 42. hxg6+ Kxg6 43. Qf5+ Kf7 44. Ne4 Bxd3 45. Nd6+ Ke7 46. Qxd3 e4 47.
Nf5+ Kf7 48. Qd4 Bh8 49. Nxh6+ Kg6 50. Ng8 Qb3 51. Ne7+ Kf7 52. Nf5 Kg6 53. Qe3 Ng4 54. Qxb3 1-0

[Event "*** Titled Tuesday Blitz"]
[Site "Chess.com"]
[Date "2020.04.28"]
[Round "9"]
[White "Akhayan"]
[Black "bmt011"]
[Result "1-0"]
[WhiteElo "2305"]
[BlackElo "2051"]
[TimeControl "180+1"]
[EndTime "11:46:25 PDT"]
[Termination "Akhayan won by resignation"]

1. d4 Nf6 2. Nf3 e6 3. g3 b6 4.
Bg2 Bb7 5. O-O Be7 6. c4 O-O 7. Nc3 Ne4 8. Qc2 f5 9. Nd2 d5 10. cxd5 exd5 11. Nf3 Nc6 12. Bf4 Bf6 13. Rfd1 Re8 14.
Rac1 Rc8 15. a3 a6 16. Qb3 Na5 17. Qc2 Nc4 18. a4 Nxc3 19. bxc3 g5 20. Be5 Bxe5 21.
dxe5 g4 22. Nd4 Rxe5 23. Nxf5 Qf6 24. Nd4 Rf8 25. Rf1 c5 26. Nb3 Bc6 27. a5 Ba4 28. Qa2 Bxb3 29. Qxb3 Nd2 30. Qxb6 Nxf1 31.
Rxf1 Qxb6 32. axb6 Rxe2 33. Bxd5+ Kg7 34. b7 Rb8 35.
Rb1 Rc2 36. c4 a5 37. Rb5 a4 38. Ra5 Ra2 39. Ra8 a3 40. Rxb8 Ra1+ 41. Kg2 a2 42. Ra8 1-0

[Event "*** Titled Tuesday Blitz"]
[Site "Chess.com"]
[Date "2020.04.28"]
[Round "9"]
[White "tomozupan"]
[Black "adriangschnitzer"]
[Result "0-1"]
[WhiteElo "2228"]
[BlackElo "2408"]
[TimeControl "180+1"]
[EndTime "11:46:26 PDT"]
[Termination "adriangschnitzer won on time"]

1. d4 Nf6 2. Bg5 Ne4 3. Bf4 c5 4. f3 Qa5+ 5. c3 Nf6 6. d5 d6 7. e4 g6 8. Qd2 Bg7 9. Na3 h5 10.
Nc4 Qc7 11. a4 Nbd7 12. Bd3 Ne5 13. Nxe5 dxe5 14. Be3 e6 15. d6 Qa5 16. Ne2 Bd7 17.
O-O Bc6 18. b4 cxb4 19. cxb4 Qd8 20. Bb5 Bxb5 21. axb5 Qd7 22. Bxa7 Qxb5 23. Bc5 O-O 24. Nc3 Qc6 25. Qd3 Rxa1 26. Rxa1 Rd8 27. Qb5 Qc8 28. Ra7 Rd7 29. Qa4 Bf8 30. Ra8 Qc6 31. Qxc6 bxc6 32.
Na4 Kg7 33. Nb6 Rxd6 34. Bxd6 Bxd6 35. Rc8 Bxb4 36. Rxc6 h4 37. Kf1 Nh5 38. Nc8 Nf4 39. Nd6 g5 40. Nc4 Kf6 0-1

[Event "*** Titled Tuesday Blitz"]
[Site "Chess.com"]
[Date "2020.04.28"]
[Round "9"]
[White "MilanJeremic"]
[Black "PawnEatingZombie"]
[Result "1-0"]
[WhiteElo "2244"]
[BlackElo "2124"]
[TimeControl "180+1"]
[EndTime "11:46:26 PDT"]
[Termination "MilanJeremic won on time"]

1. d4 d5 2. Nf3 e6 3. Bf4 Bd6 4. Bg3 Nf6 5. e3 c5 6. c3 Qc7 7. Nbd2 Nbd7 8. Bd3 b6 9. Rc1 Bb7 10. Bb1 O-O 11. O-O Bxg3 12. hxg3 e5 13. dxe5 Nxe5 14. Nxe5 Qxe5 15. Nf3 Qe7 16. Qc2 h6 17. Nh4 Rad8 18. Rcd1 Rfe8 19. a4 Ne4 20. a5 Qf6 21. axb6 axb6 22.
Qb3 Ba6 23. Bxe4 dxe4 24. Rxd8 Rxd8 25. Rd1 Rxd1+ 26. Qxd1 g5 27. Qg4 Bb7 28. Qd7 Bc6 29. Qc8+ Kh7 30. Nf5 Qe6 31. Ne7 Qxc8 32. Nxc8 b5 33.
Nd6 b4 34. Nxf7 Kg7 35. Ne5 Be8 36. Nc4 Kf6 37. g4 Ke6 38. f3 Kd5 39. Nd2 exf3 40. gxf3 bxc3 41. bxc3 h5 42. gxh5 Bxh5 43. Kf2 Kc6 44.
e4 Kb5 45. Ke3 Kc6 46. Nc4 1-0

[Event "*** Titled Tuesday Blitz"]
[Site "Chess.com"]
[Date "2020.04.28"]
[Round "9"]
[White "Konek-Gorbunok"]
[Black "mshuaau0"]
[Result "1-0"]
[WhiteElo "2316"]
[BlackElo "2131"]
[TimeControl "180+1"]
[EndTime "11:46:27 PDT"]
[Termination "Konek-Gorbunok won by resignation"]

1. d4 d5 2. Nf3 Nf6 3. g3 e6 4. Bg2 Be7 5. O-O O-O 6. c4 dxc4 7. Ne5 c5 8. dxc5 Bxc5 9. Nxc4 Nc6 10. Nc3 Bd4 11. Qb3 Bxc3 12. Qxc3 Qd4 13. Rd1 Qxc3 14. bxc3 Bd7 15. Bg5 Rfd8 16. Nd6 Rab8 17. Rab1 b6 18. Ne4 Nxe4 19. Bxd8 Nxc3 20. Rxd7 Nxd8 21. Rb2 e5 22. Rxa7 Ne6 23. e3 g6 24. Ra8 Rxa8 25. Bxa8 b5 26. Bc6 Nc7 27. a3 Kf8 28. Rb3 Ne2+ 29. Kf1 Nc1 30.
Rc3 Na2 31. Rc2 b4 32. Rxa2 bxa3 33. Rxa3 Ke7 34. Ra7 Kd6 35. Rxc7 Kxc7 36. Bd5 Kd6 37. Bxf7 Ke7 38. Bg8 h6 39. Bh7 Kf7 40. Ke2 Kg7 41.
Bxg6 Kxg6 42. Kf3 Kf5 43. g4+ Kg5 44. Kg3 e4 45. h4+ Kf6 46. Kf4 Kg6 47. Kxe4 h5 48. Kf4 hxg4 49. Kxg4 Kf6 50. f4 Kg6 51. e4 Kf6 52.
e5+ Ke6 53. h5 1-0